 Dungeon Crawl Stone Soup version 0.28-a0-1594-ga885d4b3d6 (webtiles) character file.

Game seed: 5170396599308768096

173 Pin the Skirmisher (level 5, -1/47 HPs)
             Began as a Hill Orc Fighter on Jan 21, 2022.
             Slain by a kobold brigand (4 damage)
             ... in a sewer.
             The game lasted 00:06:27 (4195 turns).

Pin the Skirmisher (Hill Orc Fighter)               Turns: 4195, Time: 00:06:27

Health: -1/47      AC:  7    Str: 21    XL:     5   Next: 53%
Magic:  5/5        EV:  9    Int:  8    God:
Gold:   46         SH:  4    Dex: 10    Spells: 4/4 levels left

rFire   . . .      SeeInvis .   a - +0 war axe
rCold   . . .      Faith    .   c - +0 buckler
rNeg    . . .      Spirit   .   b - +0 scale mail
rPois   .          Reflect  .   (no helmet)
rElec   .          Harm     .   (no cloak)
rCorr   .          Rampage  .   (no gloves)
Will    .....                   (no boots)
Stlth   ..........              (no amulet)
HPRegen 0.15/turn               (no ring)
MPRegen 0.09/turn               (no ring)

@: slowed, very slow
A: no striking features
a: no special abilities


You were in a sewer.
You visited 1 branch of the dungeon, and saw 3 of its levels.
You also visited: Sewer.

You collected 46 gold pieces.

Inventory:

Hand Weapons
 a - a +0 war axe (weapon)
Armour
 b - a +0 scale mail (worn)
 c - a +0 buckler (worn)
Scrolls
 d - a scroll of magic mapping {unknown}
 e - 3 scrolls of identify {unknown}
 f - 2 scrolls of silence {unknown}
 h - a scroll of teleportation {unknown}
 i - a scroll of noise {unknown}
 m - a scroll of fear {unknown}
Potions
 g - a potion of degeneration {unknown}
 j - a potion of flight {unknown}
 k - 2 potions of heal wounds {unknown}
 l - a potion of curing {unknown}


   Skills:
 + Level 4.7 Fighting
 + Level 4.3 Axes
 + Level 4.3 Armour
 + Level 4.3 Shields


You had 4 spell levels left.
You didn't know any spells.
Your spell library contained the following spells:

 Spells                   Type           Power      Damage    Failure   Level
 Animate Skeleton         Necr           0%         N/A       83%         1
 Pain                     Necr           0%         1d4       83%         1
 Corpse Rot               Necr/Air       0%         N/A       92%         2
 Agony                    Necr           0%         N/A       100%        5


Dungeon Overview and Level Annotations

Branches:
Dungeon (3/15)              Sewer (1/1)

Altars:
Elyvilon
Kikubaaqudgha

Shops:
D:1 (


Message History

You enter the shallow water.
Moving in this stuff is going to be slow.
You start resting.
HP restored.
You start waiting.
Done waiting.
You see here a +0 dagger.
You enter the shallow water.
Moving in this stuff is going to be slow.
You enter the shallow water.
Moving in this stuff is going to be slow.
A kobold brigand and a kobold come into view.
The kobold brigand is wielding a +0 dagger and quivering curare-tipped darts.
The kobold brigand shouts!
The kobold shouts!
The kobold brigand throws a curare-tipped dart.
The curare-tipped dart hits you.
You are poisoned.
You have difficulty breathing.
You feel yourself slow down.
You feel very sick.
The kobold brigand throws a curare-tipped dart.
The curare-tipped dart hits you.
You are more poisoned.
You have difficulty breathing.
You feel as though you will be slow longer.
You feel extremely sick.
You enter the shallow water.
Moving in this stuff is going to be slow.
You feel extremely sick.
You feel very sick.
You feel very sick.
You feel sick.
You feel sick.
You are no longer poisoned.
Why would you want to do that?
You hit the kobold brigand.
The kobold brigand is lightly wounded.
The kobold brigand hits you with a +0 dagger.
* * * LOW HITPOINT WARNING * * *
The kobold brigand hits you with a +0 dagger.
You die...

≈≈≈≈...≈≈K...K!≈. ≈.
###.....#####≈?. ≈. ##≈..## #≈#
##≈## #≈# #≈# #≈# #≈# ## ##≈##
##≈## ##### .## ##...## ##KK)##
##..≈##
..####.∩≈..#####@....####.....#
..≈≈≈≈≈.∩.≈≈≈≈≈≈≈.≈..≈≈≈≈.≈.≈.#
..####.....#####.....####....≈#
.## ##≈≈.## ##.≈.## ##...## ##
##≈## ##≈## ##≈## # #≈# #≈# #≈#
# #≈# #≈# #≈# # #≈# #≈# #≈# ##
##≈## ##≈## ##≈##


You could see a kobold brigand and a kobold.

Vanquished Creatures
  A kobold brigand (Sewer)
  3 adders
  2 river rats (Sewer)
  An adder zombie (Sewer)
  A worm zombie (Sewer)
  2 adder skeletons
  A worm (Sewer)
  6 bats
  A bat skeleton (Sewer)
  2 bat zombies (Sewer)
  5 endoplasms
  4 giant cockroaches
  4 goblins
  3 hobgoblins
  2 jackals (D:2)
  6 quokkas
  9 ball pythons
  A ball python skeleton (Sewer)
  A ball python zombie (Sewer)
  6 frilled lizards
  5 kobolds
  A kobold zombie (Sewer)
  An orc skeleton (D:2)
  2 quokka skeletons (Sewer)
  A quokka zombie (Sewer)
  8 rats
  2 rat zombies (Sewer)
81 creatures vanquished.

Notes
Turn   | Place    | Note
-------+----------+-------------------------------------------
     0 | D:1      | Pin the Hill Orc Fighter began the quest for the Orb.
     0 | D:1      | Reached XP level 1. HP: 19/19 MP: 1/1
    63 | D:1      | Found Eru Erua's Weapon Emporium.
   109 | D:1      | Reached XP level 2. HP: 27/27 MP: 2/2
   278 | D:1      | Found a faded altar of an unknown god.
   412 | D:1      | Reached XP level 3. HP: 27/33 MP: 3/3
   599 | D:1      | Prayed at the altar of an unknown god.
   599 | D:1      | Became a worshipper of Kikubaaqudgha
   599 | D:1      | Reached * piety under Kikubaaqudgha
   599 | D:1      | Received a gift from Kikubaaqudgha
   600 | D:1      | Fell from the grace of Kikubaaqudgha
  1288 | D:2      | Reached XP level 4. HP: 40/40 MP: 4/4
  1690 | D:2      | Found a white marble altar of Elyvilon.
  2209 | D:3      | Found a glowing drain.
  2225 | Sewer    | Entered a sewer
  2427 | Sewer    | Noticed a kobold brigand
  2454 | Sewer    | Killed a kobold brigand
  2455 | Sewer    | Reached XP level 5. HP: 17/47 MP: 5/5
  4185 | Sewer    | Noticed a kobold brigand
  4195 | Sewer    | Slain by a kobold brigand

Illustrated notes

Levels and vault maps discovered:
D:1:      minmay_arrival_stone_box, layout_basic, serial_shops,
          nicolae_shop_bloodbath_and_beyond, basic_ecumenical_altar,
          minmay_misc_feat_plants
D:2:      layout_basic, basic_altar
D:3:      minmay_wonky_spiral, layout_basic, portal_sewer_entry_a,
          grunt_decor_resistance, uniq_grinder, uniq_terence
Sewer:    sewer_co_15_rooms

Skill      XL: |  1  2  3  4 |
---------------+-------------+-----
Axes           | 3 4 |  4.3
Fighting       | 4 |  4.7
Armour         | 4 |  4.3
Shields        | 4 |  4.3

Action                   |  1- 3 |  4- 6 || total
-------------------------+-------+-------++-------
Melee: War axe           |    94 |   147 ||   241
Invok: Renounce Religion |     1 |       ||     1
  Use: Potion            |       |     1 ||     1
Armor: Scale mail        |    44 |    61 ||   105
Dodge: Dodged            |    50 |    77 ||   127
Block: Buckler           |    19 |    32 ||    51

Table legend: (Time is in decaauts)
 A = Elapsed time spent in this place.
 B = Non-inter-level travel time spent in this place.
 C = Inter-level travel time spent in this place.
 D = Time resting spent in this place.
 E = Time spent auto-exploring this place.
 F = Levels seen in this place.
 G = Mean time per level.
                   A        B        C        D        E       F      G
               +--------+--------+--------+--------+--------+-----+--------+
         Total |   4345 |   4317 |     28 |   1894 |   1813 |   4 | 1086.2 |
       Dungeon |   2286 |   2258 |     28 |    246 |   1650 |   3 |  762.0 |
         Sewer |   2059 |   2059 |      0 |   1648 |    163 |   1 | 2059.0 |
               +--------+--------+--------+--------+--------+-----+--------+

Top non-repeatable levels by time:
   Sewer: 2059 daAuts
     D:2: 1343 daAuts
     D:1: 921 daAuts
     D:3: 21 daAuts
